 Dungeon Crawl Stone Soup version 0.31-a0-164-g2312942fda (webtiles) character file.

Game seed: 3592493650250806025

40774 TrayleKats the Brawler (level 13, 0/133 HPs)
             Began as a Troll Fighter on June 13, 2023.
             Was an Elder of Wu Jian.
             Slain by a death yak (23 damage)
             ... on level 5 of the Lair of Beasts.
             The game lasted 00:26:43 (17716 turns).

TrayleKats the Brawler (Troll Fighter)             Turns: 17716, Time: 00:26:43

Health: 0/133      AC: 11    Str: 27    XL:     13   Next: 76%
Magic:  12/12      EV: 14    Int:  8    God:    Wu Jian [****..]
Gold:   1086       SH: 12    Dex: 15    Spells: 12/12 levels left

rFire   . .          .
                       - Unarmed
rCold   . . .        b - +0 kite shield
rNeg    . . .        f - +1 acid dragon scales
rPois   .            M - +2 hat
rElec   .            (no cloak)
rCorr   +            (gloves unavailable)
SInv    .            (boots unavailable)
Will    .....        (no amulet)
Stlth   +            g - +5 ring of evasion
HPRegen 1.22/turn    j - +6 ring of dexterity
MPRegen 0.13/turn

%: no passive effects
@: brilliant
A: large, unfitting armour, claws 3, regeneration 1, shaggy fur 1, tough skin 1
a: Renounce Religion, Wall Jump, Serpent's Lash


You were on level 5 of the Lair of Beasts.
You worshipped Wu Jian.
Wu Jian was greatly pleased with you.
You visited 3 branches of the dungeon, and saw 16 of its levels.
You also visited: Ossuary.

You collected 1086 gold pieces.

Inventory:

Missiles
 y - 4 curare-tipped darts
 B - 6 javelins
 D - 6 boomerangs (quivered)
 F - 3 throwing nets
Armour
 b - a +0 kite shield (worn)
 f - +1 acid dragon scales (worn)
 M - a +2 hat (worn)
Jewellery
 g - a +5 ring of evasion (left claw)
 j - a +6 ring of dexterity (right claw)
 o - a ring of protection from cold
 v - a ring of wizardry
 w - an amulet of magic regeneration
 I - a ring of poison resistance
 J - a ring of willpower
Wands
 u - a wand of polymorph (28)
 z - a wand of paralysis (13)
 A - a wand of mindburst (12)
 G - a wand of digging (8)
Scrolls
 e - a scroll of silence
 i - 2 scrolls of fear
 l - 5 scrolls of immolation
 m - 8 scrolls of teleportation
 n - 5 scrolls of amnesia
 p - 3 scrolls of enchant weapon
 x - a scroll of enchant armour
 C - 3 scrolls of blinking
 K - a scroll of fog
Potions
 a - 2 potions of mutation {unknown}
 c - 2 potions of might
 d - 6 potions of curing
 h - 4 potions of lignification
 k - a potion of brilliance
 q - 3 potions of heal wounds
 r - 3 potions of cancellation
 s - a potion of haste {unknown}
 t - 4 potions of resistance
 H - a potion of magic {unknown}
 L - 2 potions of ambrosia {unknown}
Miscellaneous
 E - a tin of tremorstones (2/2)


   Skills:
 + Level 10.0 Fighting
 - Level 8.0 Throwing
 - Level 2.4 Dodging
 + Level 10.9 Shields
 * Level 16.0 Unarmed Combat


You had 12 spell levels left.
You didn't know any spells.
Your spell library contained the following spells:

 Spells                   Type           Power      Damage    Failure   Level
 Foxfire                  Conj/Fire      0%         2x1d4     65%         1
 Blink                    Tloc           0%         N/A       78%         2
 Lesser Beckoning         Tloc           0%         N/A       78%         2
 Momentum Strike          Conj/Tloc      0%         3d8       78%         2
 Poisonous Vapours        Pois/Air       0%         N/A       78%         2
 Sublimation of Blood     Necr           0%         N/A       78%         2
 Dazzling Flash           Conj/Hex       0%         N/A       95%         3
 Mephitic Cloud           Conj/Pois/Air  0%         N/A       95%         3
 Volatile Blastmotes      Fire/Tloc      0%         2d10      95%         3
 Fulminant Prism          Conj/Hex       0%         3d5       100%        4
 Iskenderun's Mystic Bla  Conj/Tloc      0%         2d3       100%        4
 Petrify                  Tmut/Erth      0%         N/A       100%        4
 Agony                    Necr           0%         N/A       100%        5
 Fireball                 Conj/Fire      0%         3d3       100%        5
 Freezing Cloud           Conj/Ice/Air   0%         6-21      100%        5
 Irradiate                Conj/Tmut      0%         3d11      100%        5
 Lee's Rapid Deconstruct  Erth           0%         3d4*      100%        5
 Metabolic Englaciation   Hex/Ice        0%         N/A       100%        5
 Silence                  Hex/Air        0%         N/A       100%        5
 Plasma Beam              Fire/Air       0%         2x1d10    100%        6
 Starburst                Conj/Fire      0%         6d3       100%        6
 Statue Form              Tmut/Erth      0%         N/A       100%        6


Dungeon Overview and Level Annotations

Branches:
Dungeon (10/15)            Temple (1/1) D:4            Lair (5/5) D:10
  Swamp (0/4) Lair:2          Orc (0/2) D:10        Ossuary (visited)
  Snake: Lair:2-3    Spider: Lair:2-3     Slime: Lair:4-5

Altars:
Ashenzari
Cheibriados
Dithmenos
Elyvilon
Fedhas
Gozag
Hepliaklqana
Kikubaaqudgha
Makhleb
Nemelex Xobeh
Okawaru
Qazlal
Ru
Sif Muna
Trog
Uskayaw
Vehumet
Wu Jian
Xom
Yredelemnul
Zin
The Shining One
Jiyva

Shops:
D:6 =   D:7 *

Annotations:
Lair:3 3 runed translucent doors, jasper's ghost, journeyman SpSu


Innate Abilities, Weirdness & Mutations

You are too large for most types of armour.
You have claws for hands.
Your natural rate of healing is unusually fast.
You are covered in fur. (AC +1)
You have tough skin. (AC +1)


Message History

You barely miss the death yak. You block the death yak's attack.
You mangle the death yak!!
The death yak is moderately wounded.
You claw the death yak!
The death yak is heavily wounded.
The death yak gores you!
You barely miss the death yak.
The death yak is heavily wounded.
The ice encasing you melts away. The death yak gores you.
The death yak gores you!!
You spin and attack the death yak.
You claw the death yak!
The death yak is moderately wounded.
The death yak gores you! The death yak attacks as you move away!
The death yak gores you.
The death yak bellows!
The death yak attacks as you move away! The death yak gores you!!
* * * LOW HITPOINT WARNING * * *
The death yak attacks as you move away! The death yak barely misses you.
The death yak attacks as you move away! The death yak misses you.
You eviscerate the death yak!!!
The death yak is severely wounded.
You block the death yak's attack.
You eviscerate the death yak!!!
You kill the death yak!
The Council accepts your kill. The rime drake breathes ice at you.
The icy flash freeze hits you!!
* * * LOW HITPOINT WARNING * * *
You are encased in ice.
Your Unarmed Combat skill increases to level 16!
You feel much better. You block the death yak's attack.
It was a potion of brilliance.
You feel clever all of a sudden. The ice encasing you melts away.
The death yak closely misses you.
Okay, then.
The death yak attacks as you move away! The death yak gores you!!
* * * LOW HITPOINT WARNING * * *
The death yak attacks as you move away! The death yak gores you!!
You die...

##.................
##................
#..####..#.....##
#..# #P..###...##
##..##...###P....#
#...##.... ##.....
##........ #..~..≈
#..#......###.≈~..
#@.#####P###:.~♣.≈
##Y# ###.#...~~~
#.#####.P......~♣
##Yk...........~.~
#...............~~
#................~
##............?..♣
#...P...#.P.......
#...P.....##......


You could see 2 death yaks and a rime drake.

Vanquished Creatures
  Harold (D:9)
  3 hydras
  A ghost crab (Lair:2)
  Erolcha (D:9)
  A boulder beetle (Lair:1)
  13 death yaks
  Amaemon (D:9)
  4 skysharks
  A lindwurm (Lair:4)
  Pikel (D:9)
  A manticore (Lair:5)
  A black mamba (Lair:3)
  6 elephants (Lair:4)
  An orange demon (D:9)
  14 cane toads
  7 rime drakes
  6 komodo dragons
  A troll (D:9)
  3 polar bears
  18 blink frogs
  A snapping turtle (Lair:5)
  A spectral black mamba (Lair:2)
  2 wyverns
  2 basilisks
  A steam dragon (D:7)
  Grum (D:8)
  20 yaks
  Menkaure (D:6)
  An acid dragon (D:10)
  2 spectral cane toads (Lair:2)
  12 water moccasins
  2 spectral polar bears (Lair:2)
  A spectral yak (Lair:2)
  An ice beast (D:4)
  A black bear (D:6)
  A sky beast (D:7)
  2 spectral blink frogs (Lair:2)
  A centaur (D:7)
  15 wolves
  3 lemures (D:9)
  An elf zombie (Ossuary)
  2 kobold brigands
  13 bullfrogs
  2 gnoll sergeants (D:8)
  2 scorpions (D:6)
  A spectral water moccasin (Lair:2)
  14 wights
  3 howler monkeys
  A lava snake (Lair:1)
  A jelly (D:6)
  2 orc priests (D:9)
  A hound (D:6)
  3 sleepcaps
  3 human zombies (Ossuary)
  Jessica (D:2)
  2 iguanas
  4 orc wizards
  5 hell rats
  A hound zombie (Ossuary)
  4 mummies (Ossuary)
  9 gnolls
  6 adders
  2 river rats (D:10)
  2 shadow imps
  2 white imps
  An ufetubus (D:5)
  2 adder zombies (Ossuary)
  A worm (D:5)
  A dart slug (D:4)
  20 orcs
  8 ball pythons
  8 endoplasms
  4 giant cockroaches
  3 goblins
  4 hobgoblins
  6 quokkas
  2 bats (D:1)
  2 frilled lizards
  A gnoll zombie (Ossuary)
  2 jackal zombies (Ossuary)
  14 kobolds
  2 orc zombies (Ossuary)
  12 rats
336 creatures vanquished.

Vanquished Creatures (others)
  A wizard (D:6)
1 creature vanquished.

Grand Total: 337 creatures vanquished

Notes
Turn   | Place    | Note
-------+----------+-------------------------------------------
     0 | D:1      | TrayleKats the Troll Fighter began the quest for the Orb.
     0 | D:1      | Reached XP level 1. HP: 22/22 MP: 0/0
   235 | D:1      | Reached XP level 2. HP: 29/29 MP: 1/1
   798 | D:2      | Reached XP level 3. HP: 33/36 MP: 2/2
  1026 | D:2      | Noticed Jessica
  1033 | D:2      | Killed Jessica
  1034 | D:2      | Reached skill level 3 in Unarmed Combat
  1171 | D:2      | Found a faded altar of an unknown god.
  1745 | D:3      | Reached XP level 4. HP: 44/44 MP: 3/3
  1866 | D:3      | Found a burning altar of Makhleb.
  1965 | D:3      | Identified the +3 leather armour "Athroerph" {Regen+ Dex+3}
  2630 | D:4      | Found a snail-covered altar of Cheibriados.
  2741 | D:4      | Reached skill level 4 in Unarmed Combat
  2741 | D:4      | Reached XP level 5. HP: 46/53 MP: 4/4
  2865 | D:4      | Found a staircase to the Ecumenical Temple.
  2882 | Temple   | Entered the Ecumenical Temple
  3415 | D:4      | Noticed an ogre
  3417 | D:4      | an ogre changed into an ice beast
  3417 | D:4      | Noticed an ice beast
  3429 | D:4      | Killed an ice beast
  3430 | D:4      | Reached XP level 6. HP: 50/61 MP: 5/5
  3506 | D:4      | Found a radiant altar of Vehumet.
  3877 | D:5      | Entered Level 5 of the Dungeon
  3986 | D:5      | Found a sand-covered staircase.
  3997 | Ossuary  | Entered an ossuary
  4052 | Ossuary  | Reached skill level 5 in Unarmed Combat
  4125 | Ossuary  | Reached XP level 7. HP: 68/68 MP: 6/6
  4342 | D:5      | Found a hazy altar of Hepliaklqana.
  4801 | D:6      | Reached skill level 6 in Unarmed Combat
  4805 | D:6      | Found Ocrub's Jewellery Emporium.
  4811 | D:6      | Noticed Menkaure
  4845 | D:6      | Killed Menkaure
  5170 | D:6      | Reached skill level 5 in Shields
  5170 | D:6      | Reached XP level 8. HP: 79/79 MP: 7/7
  5181 | D:6      | Reached skill level 7 in Unarmed Combat
  5304 | D:6      | Found a white marble altar of Elyvilon.
  5471 | D:6      | Found a shadowy altar of Dithmenos.
  5495 | D:6      | Found a broken altar of Ashenzari.
  5672 | D:6      | Found a bloodstained altar of Trog.
  5673 | D:6      | Noticed a wizard
  5679 | D:6      | Killed a wizard
  5940 | D:7      | Reached skill level 5 in Fighting
  6102 | D:7      | Reached skill level 8 in Unarmed Combat
  6213 | D:7      | Found a shimmering altar of Xom.
  6453 | D:7      | Found Gozag's Platinum Reserve.
  6453 | D:7      | Found an opulent altar of Gozag.
  7142 | D:8      | Reached XP level 9. HP: 87/88 MP: 8/8
  7222 | D:8      | Reached skill level 9 in Unarmed Combat
  7301 | D:8      | Noticed Grum
  7331 | D:8      | Reached skill level 1 in Throwing
  7571 | D:8      | Found a stormy altar of Qazlal.
  7862 | D:8      | Killed Grum
  7953 | D:9      | Noticed Harold
  7979 | D:9      | Killed Harold
  7980 | D:9      | Reached skill level 10 in Unarmed Combat
  8060 | D:9      | Noticed an orange demon
  8060 | D:9      | Noticed Amaemon
  8234 | D:9      | Found an ornate altar of the Wu Jian Council.
  8240 | D:9      | Became a worshipper of the Wu Jian Council
  8272 | D:9      | Noticed Erolcha
  8306 | D:9      | Killed Erolcha
  8307 | D:9      | Reached XP level 10. HP: 100/100 MP: 9/9
  8646 | D:9      | Killed Amaemon
  8690 | D:9      | Killed an orange demon
  8691 | D:9      | Reached skill level 11 in Unarmed Combat
  8993 | D:9      | Found a blossoming altar of Fedhas.
  9065 | D:9      | Noticed Pikel
  9077 | D:9      | Killed Pikel
  9511 | D:9      | Identified the +5 spear "Qasy" {heavy, *Slow rC+ SInv}
  9550 | D:10     | Entered Level 10 of the Dungeon
  9923 | D:10     | Found a staircase to the Orcish Mines.
  9928 | D:10     | Identified the +6 trident "Tormentor" {heavy, rN+}
  9977 | D:10     | Noticed a death yak
  9982 | D:10     | Noticed a death yak
  9984 | D:10     | Noticed a death yak
  9990 | D:10     | Killed a death yak
  9991 | D:10     | Reached XP level 11. HP: 102/109 MP: 10/10
 10015 | D:10     | Killed a death yak
 10173 | D:10     | Killed a death yak
 10324 | D:10     | Found a staircase to the Lair.
 10469 | Lair:1   | Entered Level 1 of the Lair of Beasts
 10479 | Lair:1   | Reached skill level 5 in Throwing
 10479 | Lair:1   | Reached skill level 12 in Unarmed Combat
 10481 | Lair:1   | Reached * piety under Wu Jian
 10662 | Lair:1   | Noticed a boulder beetle
 10796 | Lair:1   | Killed a boulder beetle
 10820 | Lair:1   | Identified the +4 falchion of Slow Death {heavy, Fly}
 12005 | Lair:2   | Noticed a skyshark
 12010 | Lair:2   | Killed a skyshark
 12010 | Lair:2   | Reached ** piety under Wu Jian
 12011 | Lair:2   | Reached skill level 13 in Unarmed Combat
 12078 | Lair:2   | Noticed a four-headed hydra
 12177 | Lair:2   | Reached XP level 12. HP: 113/120 MP: 11/11
 12198 | Lair:2   | Killed a four-headed hydra
 13124 | Lair:2   | Found a staircase to the Swamp.
 13124 | Lair:2   | Noticed a ghost crab
 13150 | Lair:2   | Killed a ghost crab
 13806 | Lair:3   | Reached skill level 14 in Unarmed Combat
 14092 | Lair:3   | Noticed an eight-headed hydra
 14273 | Lair:3   | Reached *** piety under Wu Jian
 14568 | Lair:3   | Found a runed translucent gate.
 14568 | Lair:3   | Found a runed translucent gate.
 14568 | Lair:3   | Found a runed translucent gate.
 14569 | Lair:3   | Found a viscous altar of Jiyva.
 14569 | Lair:3   | Noticed a great orb of eyes
 14569 | Lair:3   | Noticed jasper's ghost (journeyman SpSu)
 15299 | Lair:4   | Reached skill level 10 in Shields
 15299 | Lair:4   | Reached XP level 13. HP: 99/131 MP: 12/12
 15760 | Lair:4   | Reached skill level 15 in Unarmed Combat
 16826 | Lair:5   | Entered Level 5 of the Lair of Beasts
 17663 | Lair:5   | Reached **** piety under Wu Jian
 17696 | Lair:5   | Reached skill level 10 in Fighting
 17713 | Lair:5   | Reached skill level 16 in Unarmed Combat
 17716 | Lair:5   | Slain by a death yak

Illustrated notes

Levels and vault maps discovered:
D:1:      beargit_arrival_greenhouse, layout_loops_ring, hangedman_decor_points,
          minmay_tromino_v4_b
D:2:      layout_loops_corners, shapermc_ecumenical_altar_gd, uniq_jessica
D:3:      layout_basic, overflow_temple_1_default, minmay_stone_trees_small
D:4:      layout_layer_cave, mainiacjoe_overflow_24_doors,
          nicolae_vehumet_altar_sigil, minmay_temple_entry_ruins,
          hangedman_abyss_or_decor_lesser_grid, dreamdust_princess_bridge,
          kennysheep_generic_room_5
D:5:      layout_basic, kennysheep_mini_moat, enter_ossuary_1
D:6:      layout_cave_pods, lemuel_round_altar,
          mainiacjoe_overflow_surrounded_room, trog_wizard,
          grunt_dithmenos_smoke_and_mirrors, nicolae_take_the_stairs,
          uniq_menkaure
D:7:      layout_basic, nicolae_gozag_zags_fifth_avenue,
          mainiacjoe_overflow_concentric_impassable
D:8:      layout_rooms, lemuel_doored_altar, uniq_grum
D:9:      layout_basic, mainiacjoe_overflow_alcove_2, mainiacjoe_overflow_paths,
          uniq_amaemon, uniq_erolcha, uniq_pikel, uniq_harold
D:10:     layout_rooms, dpeg_lair_monsters, dreamdust_wishing_well
Temple:   nicolae_temple_bog_church
Lair:1:   layout_gridlike
Lair:2:   layout_regular_city, nicolae_swamp_entry_spooky, grunt_megastairs_4
Lair:3:   layout_layer_cave, nicolae_snake_entry_squirm,
          lightli_volcano_entry_magma_tube, gammafunk_ghost_ooze,
          beast_lair_carwin_11, grunt_megastairs_5, serial_bayou_shore_a
Lair:4:   layout_gridlike
Lair:5:   gammafunk_lair_ancient_temple, layout_regular_city, slime_entry_1,
          chequers_serial_rivers_marsh, infiniplex_staircase_pool, uniq_rupert

Skill      XL: |  1  2  3  4  5  6  7  8  9 10 11 12 13 |
---------------+----------------------------------------+-----
Shields        | 3 4 5 6 7 9 10 | 10.9
Unarmed Combat | 3 4 5 6 8 10 11 13 14 16 | 16.0
Fighting       | 3 4 5 6 7 8 9 10 | 10.0
Throwing       | 3 4 6 7 8 |  8.0
Dodging        | |  2.4

Action                     |  1- 3 |  4- 6 |  7- 9 | 10-12 | 13-15 || total
---------------------------+-------+-------+-------+-------+-------++-------
  Melee: Unarmed           |    64 |   145 |   288 |   577 |   212 ||  1286
  Throw: Boomerang         |       |       |     3 |    18 |    23 ||    44
         Javelin           |       |       |       |     2 |       ||     2
Ability: Lunge             |       |       |       |    25 |     9 ||    34
         Whirlwind         |       |       |       |    42 |    21 ||    63
         Wall Jump         |       |       |       |       |     1 ||     1
  Evoke: Wand              |       |     1 |     7 |    12 |       ||    20
         Tin of tremorston |       |       |       |     2 |       ||     2
    Use: Scroll            |       |     9 |     8 |     4 |       ||    21
         Potion            |       |       |       |     2 |     2 ||     4
   Stab: Sleeping          |     3 |     5 |     1 |       |       ||     9
         Paralysed         |       |       |       |     3 |       ||     3
 Armour: Robe              |    10 |    38 |    18 |       |       ||    66
         Steam dragon scal |       |       |    16 |    19 |       ||    35
         Acid dragon scale |       |       |       |    71 |    58 ||   129
  Dodge: Dodged            |    25 |    76 |   128 |   216 |    99 ||   544
  Block: Kite shield       |    11 |    73 |   111 |   251 |   114 ||   560

Table legend: (Time is in decaauts)
 A = Elapsed time spent in this place.
 B = Non-inter-level travel time spent in this place.
 C = Inter-level travel time spent in this place.
 D = Time resting spent in this place.
 E = Time spent auto-exploring this place.
 F = Levels seen in this place.
 G = Mean time per level.
                   A        B        C        D        E       F      G
               +--------+--------+--------+--------+--------+-----+--------+
         Total |  17613 |  16956 |    657 |   4695 |   9231 |  17 | 1036.1 |
       Dungeon |  10035 |   9594 |    441 |   1956 |   6122 |  10 | 1003.5 |
        Temple |    194 |    185 |      9 |      0 |    175 |   1 |  194.0 |
          Lair |   7162 |   6955 |    207 |   2739 |   2839 |   5 | 1432.4 |
       Ossuary |    221 |    221 |      0 |      0 |     95 |   1 |  221.0 |
               +--------+--------+--------+--------+--------+-----+--------+

Top non-repeatable levels by time:
  Lair:4: 2141 daAuts
  Lair:2: 2099 daAuts
     D:9: 1804 daAuts
  Lair:1: 1258 daAuts
     D:4: 1245 daAuts
     D:7: 1191 daAuts
     D:2: 1143 daAuts
     D:6: 1093 daAuts
  Lair:3: 1061 daAuts
     D:8: 857 daAuts
     D:3: 753 daAuts
    D:10: 733 daAuts
     D:5: 665 daAuts
  Lair:5: 601 daAuts
     D:1: 548 daAuts
